 Dungeon Crawl Stone Soup version 0.31-a0-803-g95b03c3367 (webtiles) character file.

Game seed: 13750267658661373054

90 Iich the Trooper (level 4, -2/36 HPs)
             Began as a Demonspawn Fighter on Sept 18, 2023.
             Frozen to death by an endoplasm (5 damage)
             ... on level 3 of the Dungeon on Sept 20, 2023.
             The game lasted 00:02:33 (1505 turns).

Iich the Trooper (Demonspawn Fighter)               Turns: 1505, Time: 00:02:33

Health: -2/36      AC:  8    Str: 16    XL:     4   Next: 32%
Magic:  4/4        EV:  4    Int:  9    God:
Gold:   143        SH:  5    Dex: 15    Spells: 3/3 levels left

rFire   . . .        a - +0 war axe
rCold   . . .        c - +0 buckler
rNeg    . . .        h - +0 chain mail
rPois   .            (no helmet)
rElec   .            (no cloak)
rCorr   .            (no gloves)
SInv    .            (no boots)
Will    .....        i - amulet of the acrobat Stlth
                     (no ring)
HPRegen 0.26/turn    (no ring)
MPRegen 0.09/turn

%: acrobat
@: acrobatic, constricted
A: demonic magic 1, demonic touch 1
a: no special abilities


You were on level 3 of the Dungeon.
You visited 1 branch of the dungeon, and saw 3 of its levels.

You collected 143 gold pieces.

Inventory:

Hand Weapons
 a - a +0 war axe (weapon)
Armour
 c - a +0 buckler (worn)
 h - a +0 chain mail (worn)
Jewellery
 i - an amulet of the acrobat (around neck)
Wands
 o - a wand of flame (9)
Scrolls
 b - a scroll of teleportation {unknown}
 e - a scroll of silence {unknown}
 g - a scroll of fear
 k - 2 scrolls of identify {unknown}
 m - a scroll of blinking {unknown}
Potions
 d - 3 potions of might
 f - a potion of magic {unknown}
 j - a potion of heal wounds {unknown}
 l - a potion of berserk rage {unknown}
 n - a potion of brilliance {unknown}


   Skills:
 + Level 3.6 Fighting
 + Level 2.5 Axes
 - Level 2.6 Armour
 + Level 1.5 Dodging
 + Level 3.3 Shields


You had 3 spell levels left.
You didn't know any spells.
Your spell library contained the following spells:

 Spells                   Type           Power      Damage    Failure   Level
 Sting                    Tmut/Pois      0%         1d3       100%        1
 Poisonous Vapours        Pois/Air       0%         N/A       100%        2
 Ozocubu's Armour         Ice            0%         N/A       100%        3
 Olgreb's Toxic Radiance  Pois           0%         N/A       100%        4
 Ozocubu's Refrigeration  Ice            0%         4d7       100%        7


Dungeon Overview and Level Annotations

Branches:
Dungeon (3/15)

Altars:
Nemelex Xobeh


Innate Abilities, Weirdness & Mutations

Spells you cast may paralyse adjacent enemies.
Your touch may inflict minor irresistible damage on your foes.


Message History

* * * LOW HITPOINT WARNING * * *
You block the rat's attack.
The ball python bites you but does no damage.
The ball python constricts you.
* * * LOW HITPOINT WARNING * * *
The endoplasm hits you but does no damage.
The rat bites you but does no damage.
The ball python bites you but does no damage.
The ball python constricts you. The endoplasm freezes you.
You are frozen.
* * * LOW HITPOINT WARNING * * *
The rat bites you.
* * * LOW HITPOINT WARNING * * *
The ball python barely misses you. The ball python constricts you.
You block the endoplasm's attack. The rat bites you but does no damage.
The ball python barely misses you. The ball python constricts you.
You don't know any spells.
You take 6 damage, and have 9/36 hp.
You don't know any spells.
You don't know any spells.
You don't know any spells.
You don't know any spells.
You don't know any spells.
The ball python bites you but does no damage.
The ball python constricts you.
The endoplasm hits you but does no damage.
The rat bites you.
* * * LOW HITPOINT WARNING * * *
You take 3 damage, and have 6/36 hp.
The ball python bites you.
* * * LOW HITPOINT WARNING * * *
The ball python constricts you. The endoplasm completely misses you.
You block the rat's attack.
You take 1 damage, and have 5/36 hp.
The ball python bites you but does no damage.
The ball python constricts you. The rat bites you.
* * * LOW HITPOINT WARNING * * *
The endoplasm freezes you.
You are frozen.
You die...

###.#.#######.
####.#.........
#........######
#.##.....#
#.##.....#
#.##.....#
#.##.....#
#######.##.....#
......J@...#####
......rS...#
...........#
...........#
......$....#
...........#
...^.......+
.......>...#


You could see an endoplasm, a ball python and a rat.

Vanquished Creatures
  An orc wizard (D:3)
  3 adders (D:2)
  A dart slug (D:2)
  3 orcs (D:3)
  An endoplasm (D:2)
  4 giant cockroaches
  6 goblins
  2 hobgoblins
  3 kobolds
  A quokka (D:1)
  6 bats
  2 rats (D:1)
33 creatures vanquished.

Notes
Turn   | Place    | Note
-------+----------+-------------------------------------------
     0 | D:1      | Iich the Demonspawn Fighter began the quest for the Orb.
     0 | D:1      | Reached XP level 1. HP: 18/18 MP: 1/1
   257 | D:1      | Gained mutation: Your touch may inflict minor irresistible
                  | damage on your foes. [demonic ancestry]
   257 | D:1      | Reached XP level 2. HP: 24/24 MP: 2/2
   816 | D:2      | Reached skill level 1 in Dodging
   826 | D:2      | Reached XP level 3. HP: 28/29 MP: 3/3
   982 | D:2      | Found a sparkling altar of Nemelex Xobeh.
  1329 | D:3      | Upgraded the game from 0.31-a0-795-g5eb97db20b to
                  | 0.31-a0-803-g95b03c3367
  1357 | D:3      | Gained mutation: Spells you cast may paralyse adjacent
                  | enemies. [demonic ancestry]
  1357 | D:3      | Reached XP level 4. HP: 8/36 MP: 4/4
  1505 | D:3      | Frozen to death by an endoplasm

Illustrated notes

Levels and vault maps discovered:
D:1:      minmay_arrival_plants_in_alcoves, layout_loops_ring, st_stairs_3
D:2:      layout_rooms, basic_altar
D:3:      minmay_evil_eye, layout_basic, evilmike_ruin_ashenzari, uniq_sigmund

Skill      XL: |  1  2 |
---------------+-------+-----
Axes           | 2 |  2.5
Shields        | 3 |  3.3
Dodging        | 1 |  1.5
Fighting       | |  3.6
Armour         | |  2.6

Action                     |  1- 3 |  4- 6 || total
---------------------------+-------+-------++-------
  Melee: War axe           |   125 |     4 ||   129
    Use: Scroll            |     1 |       ||     1
 Armour: Scale mail        |    33 |       ||    33
         Chain mail        |    91 |    33 ||   124
  Dodge: Dodged            |    61 |    14 ||    75
  Block: Buckler           |    35 |    11 ||    46

Table legend: (Time is in decaauts)
 A = Elapsed time spent in this place.
 B = Non-inter-level travel time spent in this place.
 C = Inter-level travel time spent in this place.
 D = Time resting spent in this place.
 E = Time spent auto-exploring this place.
 F = Levels seen in this place.
 G = Mean time per level.
                   A        B        C        D        E       F      G
               +--------+--------+--------+--------+--------+-----+--------+
         Total |   1559 |   1517 |     42 |      0 |   1165 |   3 |  519.7 |
       Dungeon |   1559 |   1517 |     42 |      0 |   1165 |   3 |  519.7 |
               +--------+--------+--------+--------+--------+-----+--------+

Top non-repeatable levels by time:
     D:1: 767 daAuts
     D:2: 574 daAuts
     D:3: 217 daAuts
